 Dungeon Crawl Stone Soup version 0.26-a0-30-g56b8cd3df0 (webtiles) character file.

Game seed: 15039342911227512114, levelgen mode: deterministic

1067 Lanoc the Cudgeler (level 8, -1/70 HPs)
             Began as a White Draconian Chaos Knight on June 1, 2020.
             Was a Plaything of Xom.
             Slain by a scorpion (4 damage)
             ... on level 6 of the Dungeon.
             The game lasted 00:06:35 (5151 turns).

Lanoc the Cudgeler (White Draconian Chaos Knight)   Turns: 5151, Time: 00:06:37

Health: -1/70      AC: 10    Str: 15    XL:     8   Next: 7%
Magic:  8/8        EV: 14    Int: 16    God:    Xom [......]
Gold:   366        SH:  0    Dex: 13    Spells: 7/7 levels left

rFire    + . .     SeeInvis .   a - +0 mace (chaos)
rCold    + . .     Gourm    .   (no shield)
rNeg     + . .     Faith    .   (armour unavailable)
rPois    +         Spirit   .   (helmet restricted)
rElec    .         Reflect  .   (no cloak)
rCorr    .         Harm     .   (no gloves)
MR       .....     Clarity  +   (no boots)
Stlth    +.........             (no amulet)
HPRegen  0.21/turn              j - +4 ring of protection
MPRegen  0.11/turn              c - ring of positive energy

@: lightly drained
A: breathe frost, unfitting armour, antennae 1, stinger 1, blurry vision 1,
clarity, clever 2, cold resistance 1, fire resistance 1, high mp 1, poison
resistance, cold-blooded, AC +6
a: Breathe Frost, Renounce Religion


You were on level 6 of the Dungeon.
You worshipped Xom.
You were a very special plaything of Xom.
You were not hungry.

You visited 1 branch of the dungeon, and saw 6 of its levels.

You collected 366 gold pieces.

Inventory:

Hand Weapons
 a - a +0 mace of chaos (weapon)
 b - a +3 whip of draining
Jewellery
 c - a ring of positive energy (right hand)
 j - a +4 ring of protection (left hand)
Scrolls
 d - 3 scrolls of immolation {unknown}
 e - 3 scrolls of remove curse {unknown}
 g - 9 scrolls of identify
 h - a scroll of noise {unknown}
 i - a scroll of blinking {unknown}
 k - 9 scrolls of teleportation {unknown}
 l - a scroll of magic mapping {unknown}
 o - 5 scrolls of amnesia {unknown}
 q - 2 scrolls of enchant weapon {unknown}
 x - a scroll of fear {unknown}
Potions
 f - a potion of haste {unknown}
 n - a potion of heal wounds {unknown}
 p - 2 potions of flight {unknown}
 r - a potion of degeneration {unknown}
 s - a potion of might
 t - a potion of cancellation {unknown}
 u - a potion of berserk rage {unknown}
 v - a potion of brilliance {unknown}
 w - a potion of curing
Comestibles
 m - 14 rations
 z - a chunk of flesh


   Skills:
 + Level 6.1(5.5) Fighting
 * Level 7.3(6.7) Maces & Flails
 + Level 4.7(4.1) Dodging


You had 7 spell levels left.
You didn't know any spells.
Your spell library was empty.

Dungeon Overview and Level Annotations

Branches:
Dungeon (6/15)
 Temple: D:4-7

Altars:
Gozag
Kikubaaqudgha
Xom

Shops:
D:4 :([


Innate Abilities, Weirdness & Mutations

You can breathe waves of freezing cold.
You can buffet flying creatures when you breathe cold.
Your icy white scales are hard. (AC +6)
You cannot fit into any form of body armour.
Your flesh is cold resistant. (rC+)
You are cold-blooded and may be slowed by cold attacks.
You have a pair of small antennae on your head.
Your tail ends in a poisonous barb.
Scrolls take you a little longer to read.
You possess an exceptional clarity of mind.
Your mind is very acute. (Int +4)
Your flesh is heat resistant. (rF+)
You have an increased reservoir of magic. (+10% MP)
Your system is resistant to poisons. (rPois)


Message History

You closely miss the scorpion.
The scorpion is lightly wounded.
The scorpion stings you!
* * * LOW HITPOINT WARNING * * *
You hit the scorpion.
Space warps horribly around the scorpion!
The scorpion is severely wounded.
The scorpion closely misses you.
The scorpion stings you but does no damage.
You closely miss the scorpion.
The scorpion is severely wounded.
Xom's malign attention turns to you for a moment.
You partially resist.
You feel drained. The scorpion misses you.
You barely miss the scorpion. You tail-slap the scorpion.
The scorpion is poisoned.
The scorpion is severely wounded.
The scorpion stings you!
* * * LOW HITPOINT WARNING * * *
The scorpion stings you.
You die...

..# ....... #...#
#..........# #. #.#.#
#..........##..
####.#.###..........#..#
#........#.(.......... #.
#........#...........# #.
#......$.#...........###.
#........##.#.# ###..##..
#..$..†.@s..#.###........
#........................
#........####...<...).#..
#........# #............
########## #.....#####.#
#...### #.# #..## ###.#
#...# #.... #...# #....


You could see a scorpion (berserk, poisoned).

Vanquished Creatures
  A blink frog (shapeshifter) (D:2)
  An ogre (D:6)
  A centaur (D:4)
  A scorpion (D:4)
  A howler monkey (D:4)
  A crimson imp (D:6)
  A hound (D:5)
  A gnoll shaman (D:4)
  2 jellies
  2 orc wizards (D:3)
  6 worker ants
  Robin (D:3)
  6 gnolls
  9 adders
  2 oozes (D:1)
  A worm (D:3)
  3 dart slugs
  4 leopard geckos
  5 orcs (D:3)
  6 giant cockroaches
  17 goblins
  12 hobgoblins
  2 jackals (D:3)
  A quokka (D:6)
  12 bats
  2 frilled lizards
  9 kobolds
  A quokka skeleton (D:6)
  7 rats
118 creatures vanquished.

Vanquished Creatures (collateral kills)
  A hound (D:5)
  2 gnolls (D:3)
3 creatures vanquished.

Vanquished Creatures (others)
  A goblin (D:1)
1 creature vanquished.

Grand Total: 122 creatures vanquished

Notes
Turn   | Place    | Note
-------+----------+-------------------------------------------
     0 | D:1      | Lanoc the Draconian Chaos Knight began the quest for the
                  | Orb.
     0 | D:1      | Reached XP level 1. HP: 19/19 MP: 1/1
    91 | D:1      | XOM: silly message
   112 | D:1      | Reached XP level 2. HP: 24/26 MP: 2/2
   175 | D:1      | XOM: 3-stop teleportation journey
   350 | D:1      | XOM: silly message
   491 | D:1      | XOM: 1-stop teleportation journey
   779 | D:1      | Reached XP level 3. HP: 33/33 MP: 3/3
  1347 | D:2      | Reached skill level 4 in Maces & Flails
  1347 | D:2      | XOM: divination: detect creatures
  1382 | D:2      | Reached XP level 4. HP: 40/40 MP: 4/4
  1890 | D:2      | Noticed a shapeshifter
  1890 | D:2      | a rat changed into a shapeshifter
  1890 | D:2      | Noticed a queen bee
  1890 | D:2      | a shapeshifter changed into a queen bee
  1898 | D:2      | Xom revived you
  1899 | D:2      | HP: 1/40 [poisoned by a queen bee]
  1899 | D:2      | XOM: confuse monster(s)
  1900 | D:2      | Noticed a blink frog
  1900 | D:2      | a queen bee changed into a blink frog
  1901 | D:2      | Killed a blink frog
  1901 | D:2      | Reached skill level 5 in Maces & Flails
  1901 | D:2      | Reached XP level 5. HP: 14/47 MP: 5/5
  1901 | D:2      | Reached XP level 6. HP: 16/53 MP: 6/6
  2039 | D:2      | XOM: scenery: create altars
  2111 | D:2      | XOM: cloud trail
  2244 | D:3      | XOM: god gift: scroll labeled MENAC UXTASA {god gift}
  2258 | D:3      | XOM: divination: detect items
  2270 | D:3      | XOM: confuse monster(s)
  2305 | D:3      | XOM: summons 4 friendly demons
  2522 | D:3      | XOM: 5-stop teleportation journey
  2616 | D:3      | Reached skill level 5 in Fighting
  2740 | D:3      | Noticed Robin
  2790 | D:3      | Killed Robin
  2964 | D:3      | XOM: give mutations
  2964 | D:3      | Gained mutation: Scrolls take you a little longer to read.
                  | [Xom's mischief]
  2964 | D:3      | Gained mutation: Your mind is acute. (Int +2) [Xom's
                  | mischief]
  3107 | D:3      | XOM: give mutations
  3107 | D:3      | Gained mutation: You have a pair of small antennae on your
                  | head. [Xom's grace]
  3107 | D:3      | Gained mutation: Your mind is very acute. (Int +4) [Xom's
                  | grace]
  3107 | D:3      | Gained mutation: Your flesh is heat resistant. (rF+) [Xom's
                  | grace]
  3107 | D:3      | Gained mutation: Your system is resistant to poisons.
                  | (rPois) [Xom's grace]
  3391 | D:3      | XOM: give mutations
  3391 | D:3      | Gained mutation: Your tail ends in a poisonous barb. [Xom's
                  | grace]
  3391 | D:3      | Gained mutation: Your flesh is cold resistant. (rC+) [Xom's
                  | grace]
  3391 | D:3      | Gained mutation: You have an increased reservoir of magic.
                  | (+10% MP) [Xom's grace]
  3391 | D:3      | Gained mutation: You possess an exceptional clarity of
                  | mind. [Xom's grace]
  3421 | D:4      | XOM: confuse monster(s)
  3423 | D:4      | Reached skill level 6 in Maces & Flails
  3426 | D:4      | Your scales start taking on an icy white colour.
  3426 | D:4      | Reached XP level 7. HP: 54/61 MP: 7/7
  3426 | D:4      | Mutation became permanent: Your flesh is cold resistant.
                  | (rC+) [White Draconian growth]
  3426 | D:4      | Gained mutation: Your flesh is cold resistant. (rC+) [White
                  | Draconian growth]
  3580 | D:4      | Found Iraniaf's Book Emporium.
  3804 | D:4      | Found Camin's Antique Armour Shop.
  3804 | D:4      | XOM: 5-stop teleportation journey
  3860 | D:4      | XOM: polymorph hound -> howler monkey
  3998 | D:4      | Found Ipicebra's Weapon Emporium.
  4145 | D:4      | XOM: enchant monster (bad)
  4308 | D:4      | Found an ancient bone altar of Kikubaaqudgha.
  4361 | D:4      | XOM: stat loss: -1 Int (15/16)
  4445 | D:5      | Entered Level 5 of the Dungeon
  4653 | D:5      | Got a steaming trident
  4654 | D:5      | Identified the +5 trident of Xom's Hope {venom, Str+3 Int+2
                  | Dex-5} (You found it on level 5 of the Dungeon)
  4716 | D:5      | Reached skill level 7 in Maces & Flails
  4784 | D:5      | Found an opulent altar of Gozag.
  5012 | D:6      | Reached XP level 8. HP: 70/70 MP: 8/8
  5150 | D:6      | XOM: draining
  5151 | D:6      | HP: 3/70 [scorpion (9)]
  5151 | D:6      | Slain by a scorpion

Illustrated notes

Levels and vault maps discovered:
D:1:      evilmike_arrival_plus, layout_basic, minmay_vboxes
D:2:      layout_loops_ring, kennysheep_big_empty_room
D:3:      corexii_shack_village, layout_basic, uniq_robin
D:4:      layout_basic, lemuel_doored_altar, serial_shops, shop, shop, shop
D:5:      layout_rooms, overflow_temple_1_default, first_ration
D:6:      layout_rooms, cheibrodos_worm_habitat, minmay_temple_entry_large_hall

Skill      XL: |  1  2  3  4  5  6  7 |
---------------+----------------------+-----
Maces & Flails | 4 5 6 7 |  7.3
Fighting       | 4 5 6 |  6.1
Dodging        | 3 4 |  4.7

Action                   |  1- 3 |  4- 6 |  7- 9 || total
-------------------------+-------+-------+-------++-------
Melee: Mace              |    93 |   171 |   125 ||   389
       Tailslap          |     6 |    14 |    21 ||    41
 Abil: Breathe Frost     |       |       |     1 ||     1
  Use: Potion            |       |     2 |       ||     2
       Scroll            |       |     1 |       ||     1
 Stab: Sleeping          |     2 |     2 |       ||     4
       Paralysed         |       |       |     2 ||     2
       Petrified         |       |       |     1 ||     1
  Eat: Chunk             |     2 |     6 |     6 ||    14
Armor: Skin              |    39 |    77 |    32 ||   148
Dodge: Dodged            |    66 |   138 |    95 ||   299

Table legend:
 A = Non-vault XP
 B = Vault XP
 C = Vault XP percentage of total XP
 D = Non-vault monster count
 E = Vault monster count
 F = Vault count percentage of total count
                 A         B        C        D         E       F
            +---------+---------+-------+---------+---------+-------
      Total |    1465 |      60 |   3.9 |      97 |      25 |  20.5
            +---------+---------+-------+---------+---------+-------
        D:1 |      53 |      11 |  17.2 |      26 |       6 |  18.8
        D:2 |     371 |       0 |   0.0 |      19 |       0 |   0.0
        D:3 |     176 |      49 |  21.8 |      25 |      19 |  43.2
        D:4 |     459 |       0 |   0.0 |      14 |       0 |   0.0
        D:5 |     143 |       0 |   0.0 |       6 |       0 |   0.0
        D:6 |     263 |       0 |   0.0 |       7 |       0 |   0.0
            +---------+---------+-------+---------+---------+-------
